Map: Deathaura LE

Players

EnDerr - Winner!

  • Race: Zerg Zerg
  • Spawn Location: 11:00

Seither

  • Race: Terran Terran
  • League: Grandmaster
  • Spawn Location: 5:00

Event: DreamHack SC2 Masters 2020 Winter

VOD

Have the link to the VOD?

Description

Time

  • Played on: Oct. 24, 2020, 6:54 a.m.
  • Length: 18:10

All games in this series

Show
View Real Time Build Order
Export as new Build Order

EnDerr Zerg - Winner!

Build Orders: Pool First, Muta Ling Bane 

Get SALT Encoding   

  12  0:00  Drone  
  13  0:13  Overlord  
  13  0:18  Drone  
  14  0:31  Drone x2  
  16  0:42  Spawning Pool  
  16  0:45  Drone  
  16  0:49  Drone  
  17  0:51  Extractor  
  16  0:57  Drone  
  17  1:08  Drone  
  18  1:21  Hatchery  
  18  1:25  Drone  
  18  1:33  Queen  
  20  1:41  Overlord  
  20  1:47  Drone  
  21  1:57  Drone  
  22  2:05  Drone  
  23  2:09  Queen  
  25  2:24  Drone x2  
  27  2:33  Queen  
  27  2:34  Overlord  
  29  2:42  Drone x4  
  33  2:45  Drone  
  34  2:53  Lair  
  34  2:58  Metabolic Boost  
  34  3:04  Drone  
  34  3:05  Drone x2  
  37  3:09  Overlord  
  37  3:12  Drone  
  38  3:18  Extractor  
  37  3:21  Drone, Roach Warren  
  37  3:23  Drone  
  37  3:24  Drone  
  40  3:27  Drone  
  40  3:31  Spore Crawler  
  40  3:33  Drone x2  
  42  3:41  Extractor  
  41  3:46  Drone x2  
  43  3:50  Extractor  
  43  3:51  Spire  
  43  3:53  Drone x3  
  44  4:02  Drone x2  
  46  4:08  Overlord  
  46  4:10  Overlord  
  46  4:24  Overlord x2  
  46  4:27  Hatchery  
  46  4:30  Drone  
  46  4:31  Drone x2  
  48  4:33  Drone x2  
  50  5:03  Mutalisk x7  
  64  5:11  Drone x3  
  67  5:14  Baneling Nest  
  67  5:15  Zergling x6  
  67  5:20  Zerg Flyer Weapons Level 1  
  69  5:26  Drone, Zergling x4  
  72  5:38  Evolution Chamber  
  72  5:39  Evolution Chamber  
  72  5:40  Drone  
  72  5:41  Drone  
  72  5:44  Drone  
  72  5:45  Drone  
  74  5:50  Drone  
  74  5:51  Drone x6  
  74  5:54  Overlord  
  81  6:09  Overlord x3  
  81  6:10  Overlord  
  81  6:12  Zerg Ground Armor Level 1, Centrifical Hooks  
  81  6:13  Zerg Melee Weapons Level 1  
  81  6:20  Mutalisk  
  78  6:28  Mutalisk x2  
  82  6:34  Mutalisk, Extractor  
  82  6:35  Drone x5, Extractor  
  82  6:36  Drone x2  
  82  6:38  Queen  
  91  6:43  Mutalisk  
  93  6:48  Drone x2  
  93  6:49  Overlord  
  93  6:52  Mutalisk  
  97  7:02  Baneling x4  
  97  7:07  Mutalisk  
  99  7:08  Overlord  
  99  7:09  Hatchery  
  99  7:10  Drone x2  
  99  7:12  Drone x2  
  102  7:15  Zergling x2  
  102  7:16  Zergling x10  
  102  7:17  Zergling x2  
  102  7:18  Overlord  
  109  7:25  Mutalisk x2  
  111  7:31  Mutalisk x2  
  111  7:34  Zergling x4  
  111  7:35  Zergling x2  
  118  7:42  Mutalisk x2, Overlord  
  122  7:46  Zergling x8  
  122  7:50  Mutalisk  
  128  7:56  Overlord  
  128  7:58  Mutalisk  
  130  8:03  Pneumatized Carapace, Overseer  
  130  8:05  Drone x6, Extractor  
  136  8:06  Zergling x4  
  136  8:08  Mutalisk  
  136  8:09  Extractor  
  138  8:15  Zergling x2  
  138  8:16  Mutalisk  
  141  8:20  Zergling x8  
  141  8:24  Zerg Melee Weapons Level 2  
  141  8:25  Zergling x2  
  141  8:26  Zergling x4  
  148  8:36  Zergling x18  
  157  8:41  Drone  
  157  8:42  Drone x2  
  157  8:43  Zerg Flyer Weapons Level 2  
  160  8:52  Zerg Ground Armor Level 2  
  160  8:54  Zergling x2, Overlord  
  162  8:55  Zergling x4  
  161  9:03  Zergling x2  
  161  9:04  Zergling x6  
  165  9:10  Overlord  
  165  9:13  Zergling x2  
  166  9:19  Overlord x3  
  166  9:20  Hatchery, Overlord  
  165  9:25  Zergling x2  
  165  9:26  Zergling x14  
  165  9:27  Drone  
  174  9:34  Mutalisk  
  176  9:39  Mutalisk x6  
  189  9:45  Zergling x2  
  189  9:46  Zergling x8  
  189  9:50  Zergling x2  
  189  9:51  Zergling x10  
  199  9:53  Zergling x2  
  196  10:01  Mutalisk x2  
  196  10:04  Mutalisk  
  196  10:05  Overlord  
  196  10:06  Overlord  
  200  10:11  Baneling x5  
  200  10:12  Baneling x14  
  195  10:31  Infestation Pit  
  195  10:33  Baneling x12  
  194  10:37  Zergling x2  
  194  10:38  Zergling x8  
  166  10:50  Zergling x2  
  166  10:52  Zergling x4  
  166  10:53  Zergling x6  
  151  10:59  Mutalisk  
  151  11:00  Zergling x34  
  167  11:08  Zergling x2  
  167  11:09  Zergling x4  
  167  11:11  Zergling x4  
  172  11:13  Hive  
  172  11:16  Zergling x2  
  171  11:20  Zergling x2  
  171  11:21  Zergling x18  
  176  11:33  Zergling x2  
  176  11:34  Zergling x10  
  176  11:36  Zergling x2  
  181  11:42  Overseer x2  
  176  11:47  Queen  
  178  12:03  Queen, Zergling x2  
  178  12:04  Zergling x38  
  200  12:16  Hatchery  
  200  12:21  Overlord  
  199  12:26  Zerg Melee Weapons Level 3, Zerg Ground Armor Level 3  
  199  12:27  Adrenal Glands  
  199  12:35  Ultralisk Cavern  
  194  12:53  Baneling x2  
  194  12:54  Baneling x7  
  194  12:55  Baneling x4  
  194  13:02  Baneling x2  
  190  13:25  Chitinous Plating  
  190  13:28  Queen  
  190  13:31  Overlord  
  190  13:50  Drone x2  
  190  13:51  Drone x8  
  200  13:57  Baneling x2  
  198  14:13  Spore Crawler, Spine Crawler  
  198  14:16  Spore Crawler, Spine Crawler  
  192  14:19  Ultralisk  
  198  14:40  Baneling  
  198  14:41  Baneling x18  
  198  14:44  Anabolic Synthesis  
  180  15:21  Ultralisk x2  
  180  15:27  Ultralisk  
  166  15:31  Ultralisk x2  
  173  15:37  Ultralisk  
  173  15:39  Zergling x2  
  173  15:40  Baneling x3  
  173  15:42  Zergling x38  
  191  15:45  Ultralisk  
  191  15:49  Zergling x2  
  192  15:51  Zergling x2  
  192  15:52  Ultralisk  
  195  16:02  Ultralisk  
  195  16:03  Zergling x4  
  196  16:06  Pathogen Glands  
  196  16:07  Burrow  
  196  16:18  Baneling x10  
  196  16:21  Extractor  
  196  16:22  Extractor  
  194  16:28  Zergling x2  
  194  16:29  Zergling x2  
  194  16:32  Zergling x6  
  186  16:33  Zergling x6  
  186  16:35  Zergling x4  
  186  16:39  Hatchery  
  180  16:40  Zergling x2  
  180  16:41  Ultralisk  
  180  16:43  Zergling x4  
  180  16:44  Zergling x6  
  180  16:45  Zergling x2  
  180  16:46  Zergling x2  
  193  16:47  Zergling x4  
  193  16:48  Baneling  
  193  16:49  Baneling, Zergling x2  
  193  16:50  Zergling x2  
  193  16:52  Baneling x6  
  193  16:53  Zergling x2  
  184  16:56  Zergling x2  
  184  16:57  Zergling x4  
  184  16:58  Zergling x4  
  184  16:59  Zergling x2  
  168  17:02  Baneling x3  
  168  17:03  Zergling x4  
  168  17:04  Zergling x6  
  168  17:05  Zergling x4  
  168  17:06  Hatchery  
  168  17:08  Zergling x4  
  170  17:09  Corruptor  
  170  17:10  Corruptor x2  
  170  17:11  Queen  
  178  17:16  Corruptor x4  
  180  17:24  Corruptor  
  178  17:33  Zergling x4  
  178  17:35  Zergling x2  
  173  17:38  Zergling x2  
  173  17:42  Zergling x10  
  173  17:43  Zergling x2  
Show
View Real Time Build Order
Export as new Build Order

Seither Terran 

Build Orders: Reaper Expand 

Get SALT Encoding   

  12  0:00  SCV  
  13  0:12  SCV  
  14  0:16  Supply Depot  
  14  0:24  SCV  
  15  0:38  SCV  
  15  0:39  Barracks  
  16  0:44  Refinery  
  16  0:50  SCV  
  17  1:02  SCV  
  18  1:14  SCV  
  19  1:27  Orbital Command, Reaper  
  20  1:39  Command Center  
  20  1:48  Supply Depot  
  20  1:53  SCV  
  21  1:59  Marine  
  22  2:05  SCV  
  23  2:09  Factory  
  22  2:17  SCV  
  22  2:21  Barracks Reactor  
  23  2:29  SCV  
  24  2:30  Refinery  
  24  2:41  SCV  
  25  2:52  Orbital Command  
  25  2:54  SCV  
  25  2:57  Starport  
  26  3:03  Hellion x2  
  26  3:04  Barracks Tech Lab  
  30  3:08  SCV  
  31  3:19  SCV  
  32  3:20  SCV  
  37  3:27  Hellion x2  
  37  3:31  SCV  
  37  3:32  SCV  
  38  3:38  Viking  
  38  3:39  Marine, Stimpack  
  41  3:43  SCV  
  41  3:44  SCV  
  43  3:50  Supply Depot  
  43  4:00  SCV x2  
  45  4:06  Command Center  
  45  4:07  Marine  
  46  4:13  Supply Depot  
  48  4:22  SCV x2  
  48  4:23  Barracks  
  48  4:24  Barracks  
  48  4:26  Marine, Factory Reactor  
  48  4:28  Starport Reactor  
  49  4:34  SCV x2  
  49  4:37  Supply Depot  
  51  4:46  SCV x2  
  51  4:47  Marine, Engineering Bay  
  51  4:48  Engineering Bay  
  51  4:49  Refinery  
  54  4:58  SCV  
  54  4:59  SCV  
  56  5:09  Marine, Refinery  
  56  5:11  SCV x2, Marine x2  
  56  5:12  Factory Tech Lab  
  61  5:18  Orbital Command  
  61  5:20  Terran Infantry Armor Level 1, Terran Infantry Weapons Level 1  
  61  5:22  Marine x2  
  61  5:27  Marine  
  64  5:29  Marine  
  64  5:30  SCV x2  
  64  5:31  Medivac x2  
  64  5:34  Siege Tank  
  74  5:39  Missile Turret  
  70  5:46  Missile Turret  
  70  5:48  Marine x3  
  70  5:49  Marine x2  
  71  5:50  Combat Shield  
  71  5:52  SCV  
  71  5:53  SCV  
  70  6:06  Marine x2  
  70  6:07  Marine  
  70  6:08  SCV x2  
  70  6:10  Marine, Siege Tank, Orbital Command  
  76  6:14  Supply Depot  
  76  6:19  Marine  
  76  6:24  Marine x2  
  76  6:25  Orbital Command  
  72  6:31  Marine x2  
  72  6:32  Medivac x2  
  74  6:39  Marine, Barracks x2  
  76  6:41  SCV x2  
  76  6:42  Marine x2  
  81  6:49  Marine x2  
  81  6:53  SCV x2  
  85  6:55  SCV  
  85  6:56  Missile Turret  
  85  6:58  Supply Depot, Factory Reactor  
  85  6:59  Marine  
  85  7:00  Marine  
  88  7:04  Supply Depot  
  88  7:05  SCV x2  
  88  7:07  SCV  
  90  7:12  Medivac  
  92  7:17  SCV  
  92  7:20  Medivac, SCV x2  
  97  7:24  Marine x2  
  97  7:26  Armory, Supply Depot  
  97  7:28  Supply Depot  
  99  7:31  Barracks Reactor  
  99  7:32  Barracks Reactor  
  99  7:34  SCV x3  
  99  7:36  Widow Mine  
  104  7:38  Command Center  
  104  7:43  Marine x2  
  106  7:49  SCV x2  
  106  7:51  Factory, Marine x2  
  106  7:52  Marine  
  106  7:54  Supply Depot  
  106  7:55  Refinery  
  106  7:57  Medivac x2  
  113  8:02  SCV x2  
  113  8:03  SCV  
  113  8:04  Bunker  
  115  8:06  Marine x2  
  115  8:07  Supply Depot  
  115  8:09  Supply Depot  
  115  8:10  Marine x4  
  121  8:15  SCV  
  121  8:16  SCV x2  
  121  8:18  Marine x2, Terran Infantry Weapons Level 2  
  124  8:20  Widow Mine x2  
  128  8:28  Terran Vehicle And Ship Armor Level 1, SCV x2  
  128  8:29  Terran Infantry Armor Level 2  
  128  8:31  Supply Depot  
  128  8:38  Marine x3  
  128  8:40  Refinery  
  130  8:41  Factory Tech Lab  
  130  8:45  SCV x2  
  130  8:46  SCV  
  130  8:47  Marine  
  130  8:48  Marine x3  
  136  8:49  Widow Mine x2  
  141  8:57  Supply Depot  
  141  8:58  Supply Depot, Sensor Tower  
  135  9:05  Thor  
  135  9:08  Marine x4, Sensor Tower  
  135  9:09  Marine  
  142  9:18  Widow Mine x2, Barracks  
  142  9:19  Barracks  
  142  9:20  SCV x3  
  142  9:21  Barracks  
  149  9:26  Medivac x2  
  149  9:27  Drilling Claws  
  149  9:29  Refinery  
  153  9:36  Supply Depot  
  153  9:38  Supply Depot  
  152  9:40  Refinery  
  152  9:42  Planetary Fortress  
  152  9:44  Missile Turret  
  150  9:48  Widow Mine x2  
  154  9:58  Sensor Tower  
  154  9:59  Marine x2  
  152  10:00  Marine  
  152  10:02  SCV x3  
  151  10:10  Barracks Tech Lab x2  
  151  10:11  Widow Mine x2, Medivac  
  151  10:12  Medivac  
  160  10:14  SCV x3  
  160  10:18  Marine x5  
  160  10:19  Marine  
  168  10:26  SCV x3  
  171  10:31  Missile Turret  
  171  10:33  Missile Turret x2  
  171  10:34  Missile Turret  
  171  10:40  Widow Mine x2  
  171  10:41  Medivac x2  
  179  10:43  SCV x3  
  168  10:56  Marine x2  
  168  10:57  Marine x2, Marauder  
  157  11:02  Command Center x2  
  158  11:05  Marine, Marauder x2  
  163  11:14  Supply Depot  
  163  11:16  Widow Mine x2, Supply Depot  
  167  11:20  Marine x6  
  173  11:25  Engineering Bay  
  173  11:28  Engineering Bay  
  173  11:32  Marine x2, Marauder x2  
  175  11:34  Marine x2  
  175  11:36  SCV x3  
  175  11:37  Marine  
  175  11:41  Marine x4  
  175  11:42  Marine  
  173  11:50  Marine x2  
  173  11:51  SCV x2  
  173  11:52  SCV, Marine x2  
  178  12:01  Marine x2  
  179  12:04  Widow Mine x2  
  179  12:06  Missile Turret  
  184  12:13  Marauder x2  
  188  12:16  Terran Infantry Weapons Level 3  
  188  12:21  SCV x3  
  191  12:25  Missile Turret  
  189  12:32  Thor  
  189  12:37  Marine x3  
  194  12:49  Marine x2, Bunker, Marauder x2, Orbital Command  
  200  12:51  Planetary Fortress  
  200  12:55  Missile Turret  
  200  13:02  Missile Turret  
  200  13:03  Missile Turret  
  200  13:04  Command Center  
  198  13:07  Widow Mine  
  200  13:15  Terran Vehicle And Ship Armor Level 2  
  200  13:30  Missile Turret, Sensor Tower  
  200  13:35  Missile Turret  
  200  13:40  Terran Infantry Armor Level 3  
  200  13:41  Ghost Academy  
  200  13:42  Barracks  
  200  13:45  Barracks  
  195  14:27  Widow Mine  
  195  14:28  Widow Mine  
  194  14:36  Barracks Tech Lab x2  
  193  14:47  Planetary Fortress  
  193  14:52  Sensor Tower  
  193  14:55  Missile Turret x4  
  193  15:06  Command Center  
  191  15:08  Widow Mine x2, Command Center  
  184  15:16  Widow Mine  
  166  15:23  Marine  
  166  15:24  Marine x7, Marauder x2  
  166  15:25  Marauder  
  164  15:29  Widow Mine x2  
  164  15:31  Orbital Command  
  164  15:32  Marine  
  164  15:33  Marauder  
  166  15:38  Widow Mine  
  166  15:41  Marine  
  166  15:42  Marine x2  
  159  15:45  Marauder  
  159  15:46  Marauder  
  150  15:51  Widow Mine x2, Command Center  
  150  15:52  SCV x2  
  152  15:59  Marine x8  
  152  16:00  Marine x2, Marauder  
  152  16:02  Medivac x2  
  159  16:07  Marauder x2  
  159  16:09  Bunker  
  159  16:10  Sensor Tower  
  159  16:11  SCV x4  
  163  16:12  Widow Mine x2  
  163  16:13  Sensor Tower  
  168  16:19  Marauder x2, Marine x3  
  168  16:20  Marine  
  168  16:22  Marauder, SCV x2  
  168  16:23  SCV x3  
  184  16:26  Refinery x2  
  184  16:28  Marauder x2  
  175  16:33  Widow Mine  
  175  16:34  Widow Mine, SCV x2  
  141  16:43  Marine x4, Marauder x2  
  131  16:50  Medivac x2  
  125  16:55  Widow Mine x2  
  112  17:01  Orbital Command  
  112  17:02  Marine x4, Marauder x2  
  112  17:03  Orbital Command  
  112  17:04  Marine x3  
  112  17:05  Marauder  
  124  17:16  Widow Mine x2  
  124  17:18  Marine  
  124  17:19  Marine x2  
  124  17:20  Marine x2  
  124  17:22  Marine x3  
  133  17:24  Marauder x2  
  133  17:26  Marauder  
  114  17:37  Widow Mine, Marauder, Marine x4  
  114  17:38  Widow Mine  
  114  17:40  Marine x2  
  110  17:45  Marauder x2  
Tags
 
Add a new tag
Caveats
  • Supply blocks, unpowered buildings, or Contaminate may cause inaccurate times.
  • Supply counts are checked every 10 seconds.